 Dungeon Crawl Stone Soup version 0.29.0-4-gdea44cf6ec (webtiles) character file.

Game seed: 12710194048919100478

23 ragingrage the Gusty (level 2, -1/15 HPs)
             Began as a Tengu Air Elementalist on Aug 26, 2022.
             Slain by a gnoll
             ... wielding a +0 whip
              (3 damage)
             ... on level 2 of the Dungeon.
             The game lasted 00:01:16 (1361 turns).

ragingrage the Gusty (Tengu Air Elementalist)       Turns: 1361, Time: 00:01:17

Health: -1/15      AC:  2    Str:  8    XL:     2   Next: 95%
Magic:  0/6        EV: 12    Int: 15    God:
Gold:   31         SH:  0    Dex: 14    Spells: 4/5 levels left

rFire   . . .      SeeInvis .   (no weapon)
rCold   . . .      Faith    .   (no shield)
rNeg    . . .      Spirit   .   a - +0 robe
rPois   .          Reflect  .   (helmet restricted)
rElec   .          Harm     .   (no cloak)
rCorr   .          Rampage  .   (no gloves)
Will    .....                   (boots unavailable)
Stlth   ++........              (no amulet)
HPRegen 0.05/turn               (no ring)
MPRegen 0.10/turn               (no ring)

@: no status effects
A: beak, talons 3
a: no special abilities


You were on level 2 of the Dungeon.
You visited 1 branch of the dungeon, and saw 2 of its levels.

You collected 107 gold pieces.
You spent 76 gold pieces at shops.

Inventory:

Armour
 a - a +0 robe (worn)
Wands
 f - a wand of paralysis (4)
Scrolls
 d - a scroll of amnesia {unknown}
 e - a scroll of magic mapping {unknown}
 g - a scroll of identify {unknown}
Potions
 b - a potion of magic
 c - 2 potions of curing {unknown}


   Skills:
 + Level 2.5 Dodging
 + Level 2.3 Stealth
 + Level 2.2 Spellcasting
 + Level 2.0 Conjurations
 + Level 4.3 Air Magic


You had 4 spell levels left.
You knew the following spells:

 Your Spells              Type           Power      Damage    Failure   Level
a - Shock                 Conj/Air       44%        1d5       6%          1

Your spell library contained the following spells:

 Spells                   Type           Power      Damage    Failure   Level
 Static Discharge         Conj/Air       11%        3-5/arc   9%          2
 Magic Dart               Conj           28%        1d4       10%         1
 Swiftness                Air            14%        N/A       11%         3
 Searing Ray              Conj           14%        2d5       14%         2
 Airstrike                Air            7%         2d(1-17)  36%         4
 Fulminant Prism          Conj/Hex       2%         3d6       80%         4


Dungeon Overview and Level Annotations

Branches:
Dungeon (2/15)

Altars:

Shops:
D:2 *


Innate Abilities, Weirdness & Mutations

You have a beak for a mouth.
You have claws for feet.


Message History

The gnoll is severely wounded.
The zap hits the gnoll.
The gnoll is almost dead.
The gnoll hits you but does no damage.
The gnoll hits you from afar with a +0 spear.
Casting: Shock (safe; 6% risk of failure)
Confirm with . or Enter, or press ? or * to list all spells.
Aiming: Shock (safe; 6% risk of failure)
Press: ? - help, Shift-Dir - straight line, f/p - gnoll
Aim: a gnoll, wielding a +0 whip (severely wounded, 72% to hit)
The zap hits the gnoll.
The gnoll is severely wounded.
The zap hits the gnoll.
The gnoll is almost dead.
The zap misses the gnoll.
The gnoll shouts!
The gnoll misses you. The gnoll hits you with a +0 whip.
* * * LOW HITPOINT WARNING * * *
Casting: Shock (safe; 6% risk of failure)
Confirm with . or Enter, or press ? or * to list all spells.
Aiming: Shock (safe; 6% risk of failure)
Press: ? - help, Shift-Dir - straight line, f/p - gnoll
Aim: a gnoll, wielding a +0 whip (severely wounded, 72% to hit)
The zap hits the gnoll but does no damage.
The gnoll is severely wounded.
The zap hits the gnoll but does no damage.
The gnoll is almost dead.
The zap hits the gnoll.
The gnoll is lightly wounded.
The gnoll misses you. The gnoll barely misses you.
Casting: Shock (safe; 6% risk of failure)
Confirm with . or Enter, or press ? or * to list all spells.
You don't have enough magic to cast this spell.
Unknown command.
Casting: Shock (safe; 6% risk of failure)
Confirm with . or Enter, or press ? or * to list all spells.
You don't have enough magic to cast this spell.
Unknown command.
The gnoll attacks as you move away! The gnoll hits you with a +0 whip.
You die...

##.# #..(.# #.# #.# #(##.# #.#
#.# #.##.# #.######## ##.##
#.##<# #.##.....# ..g.# #.##)#
#.##.....# ##..# #.##.#
#........# ##..####.##.######
####.....### .................#
#>......#
##.#####.#######@############†###
##.#####.#######g#...............
...........g.g...#.##########.###
########.#######....# #.# #.#
#..#.# #.# #.# #....# #.# #.#
#.#### #.# ########.# #.# #.#
.........# #.. .#


You could see a gnoll.

Vanquished Creatures
  2 ball pythons (D:1)
  5 endoplasms
  A goblin (D:2)
  4 hobgoblins
  A kobold (D:2)
  A quokka (D:1)
  3 bats
  2 rats (D:1)
19 creatures vanquished.

Notes
Turn   | Place    | Note
-------+----------+-------------------------------------------
     0 | D:1      | ragingrage the Tengu Air Elementalist began the quest for
                  | the Orb.
     0 | D:1      | Reached XP level 1. HP: 10/10 MP: 4/4
   280 | D:1      | Reached XP level 2. HP: 15/15 MP: 0/6
   954 | D:2      | Found Wera's Assorted Antiques.
  1143 | D:2      | Bought a sharpened fluorescent wand for 76 gold pieces
  1361 | D:2      | Slain by a gnoll

Illustrated notes

Levels and vault maps discovered:
D:1:      wander_arrival_fairy_ring, layout_loops_ring, serial_bayou_pond_c
D:2:      layout_loops_ring, serial_shops, shop

Skill      XL: |  1  2 |
---------------+-------+-----
Conjurations   | 2 |  2.0
Dodging        | |  2.5
Stealth        | |  2.3
Spellcasting   | |  2.2
Air Magic      | |  4.3

Action                   || total
-------------------------++-------
Melee: Unarmed           ||     5
       Kick              ||     2
 Cast: Shock             ||    53
Armor: Robe              ||     2
Dodge: Dodged            ||    12
